 Dungeon Crawl Stone Soup version 0.24.0-13-gcf9b319 (webtiles) character file.

Game seed: 8017772180833339310, levelgen mode: deterministic

178 Fang the Skirmisher (level 5, -4/51 HPs)
             Began as a Gargoyle Berserker on Nov 11, 2019.
             Was a Believer of Trog.
             Slain by an ogre
             ... wielding a +0 giant club
              (22 damage)
             ... on level 4 of the Dungeon.
             The game lasted 00:02:33 (3654 turns).

Fang the Skirmisher (Gargoyle Berserker)            Turns: 3654, Time: 00:02:34

Health: -4/51      AC:  6    Str: 26    XL:     5   Next: 58%
Magic:  5/5        EV: 10    Int:  8    God:    Trog [**....]
Gold:   153        SH:  0    Dex:  9    Spells: 4/4 levels left

rFire    . . .     SeeInvis .   a - +0 hand axe
rCold    . . .     Gourm    .   (no shield)
rNeg     + . .     Faith    .   b - +0 animal skin
rPois    ∞         Spirit   .   (no helmet)
rElec    +         Reflect  .   (no cloak)
rCorr    .         Harm     .   (no gloves)
MR       .....                  (no boots)
Stlth    ..........             (no amulet)
HPRegen  0.17/turn              q - -2 ring of evasion (curse)
MPRegen  0.09/turn              (no ring)

@: berserking, very quick
A: negative energy resistance 1, electricity resistance, unbreathing,
petrification resistance, rot immunity, AC +4
a: Berserk, Trog's Hand, Renounce Religion


You were on level 4 of the Dungeon.
You worshipped Trog.
Trog was pleased with you.
You were not hungry.

You visited 1 branch of the dungeon, and saw 4 of its levels.

You collected 153 gold pieces.

Inventory:

Hand Weapons
 a - a +0 hand axe (weapon)
Armour
 b - a +0 animal skin (worn)
Jewellery
 q - a cursed -2 ring of evasion (left hand)
Scrolls
 d - 5 scrolls of identify {unknown}
 e - 2 scrolls of teleportation {unknown}
 g - a scroll of magic mapping {unknown}
 i - 2 scrolls of remove curse {unknown}
 k - a scroll of amnesia {unknown}
 l - a scroll of enchant weapon {unknown}
 p - a scroll of immolation {unknown}
 r - a scroll of fear {unknown}
 s - a scroll of random uselessness {unknown}
Potions
 f - 2 potions of heal wounds {unknown}
 h - 2 potions of degeneration {unknown}
 j - 2 potions of lignification {unknown}
 m - a potion of flight {unknown}
 n - 2 potions of mutation {unknown}
 t - a potion of curing {unknown}
Comestibles
 c - 6 rations


   Skills:
 + Level 4.3 Fighting
 + Level 3.6 Axes
 + Level 3.5 Armour
 + Level 2.5 Dodging


You had 4 spell levels left.
You didn't know any spells.
Your spell library was empty.

Dungeon Overview and Level Annotations

Branches:
Dungeon (4/15)
 Temple: D:4-7

Altars:
Dithmenos
Uskayaw


Innate Abilities, Weirdness & Mutations

You are resistant to torment.
Your stone body is resilient. (AC +4)
You are immune to poison.
You resist negative energy. (rN+)
You are resistant to electric shocks. (rElec)
You can survive without breathing.
You are immune to petrification.
You are immune to rotting.


Message History

You're too hungry.
You hit the ogre but do no damage. The ogre hits you with a +0 giant club.
You eat one of the 7 rations.
That ration really hit the spot!
A red film seems to cover your vision as you go berserk!
You feel yourself moving faster!
You feel mighty!
You feel a lot more hungry. The ogre hits you with a +0 giant club!
You slash the ogre!
The ogre is heavily wounded.
The ogre hits you with a +0 giant club!
You barely miss the ogre.
The ogre is heavily wounded.
You barely miss the ogre.
The ogre is heavily wounded.
The ogre barely misses you.
You hit the ogre.
The ogre is heavily wounded.
You slash the ogre!
The ogre is almost dead.
The ogre hits you with a +0 giant club!!
You die...

#.......# #.#
#.......# #.#
####.####
#####.# ..
.######.....#
.. ..##.#####
#[#. #.##.#
.....##.##.#
..(.....†..#
.###<#@####
#..O# #...#
...### #.##
#. . #


You could see an ogre.

Vanquished Creatures
  A jelly (D:3)
  Natasha (twice) (D:2)
  4 adders
  A worm (D:3)
  2 leopard geckos
  4 giant cockroaches
  5 hobgoblins (D:2)
  5 jackals
  6 kobolds
  2 quokkas
  A ball python (D:1)
  8 bats
  2 frilled lizards (D:2)
  5 goblins
  16 rats
64 creatures vanquished.

Notes
Turn   | Place    | Note
-------+----------+-------------------------------------------
     0 | D:1      | Fang the Gargoyle Berserker began the quest for the Orb.
     0 | D:1      | Reached XP level 1. HP: 14/14 MP: 1/1
   131 | D:1      | Reached XP level 2. HP: 1/19 MP: 2/2
   800 | D:2      | Noticed Natasha
   806 | D:2      | Killed Natasha
   806 | D:2      | Reached XP level 3. HP: 17/24 MP: 3/3
  1154 | D:2      | Reached ** piety under Trog
  1355 | D:2      | Found a shadowy altar of Dithmenos.
  1358 | D:2      | Reached XP level 4. HP: 29/29 MP: 4/4
  1467 | D:2      | Noticed Natasha
  1483 | D:2      | Killed Natasha
  1483 | D:2      | Reached skill level 4 in Fighting
  2556 | D:3      | Reached XP level 5. HP: 18/33 MP: 5/5
  2601 | D:3      | Found a hide-covered altar of Uskayaw.
  3645 | D:4      | Noticed an ogre
  3654 | D:4      | Slain by an ogre

Levels and vault maps discovered:
D:1:      minmay_arrival_loop, layout_basic
D:2:      layout_loops_ring, nicolae_dithmenos_through_a_glass_darkly,
          minmay_rat_gold_closets, uniq_natasha
D:3:      lemuel_upstairs_altar, layout_basic, overflow_temple_1_default,
          roderic_serpentine_path, chequers_garden
D:4:      layout_loops_cross, nemelex_xobeh_ov_fountains_minmay,
          okawaru_ov_weapons_minmay, serial_shops, nicolae_shop_statue_plus,
          first_ration, solitary_fountain, uniq_blork_the_orc

Skill      XL: |  1  2  3  4 |
---------------+-------------+-----
Axes           | 3 |  3.6
Dodging        | 2 |  2.5
Armour         | 3 |  3.5
Fighting       | 4 |  4.3

Action                   |  1- 3 |  4- 6 || total
-------------------------+-------+-------++-------
Melee: Hand axe          |    82 |   143 ||   225
Invok: Berserk           |     2 |     4 ||     6
 Stab: Sleeping          |       |     2 ||     2
  Eat: Chunk             |     4 |     8 ||    12
       Ration            |       |     1 ||     1
Armor: Animal skin       |    38 |    45 ||    83
Dodge: Dodged            |    72 |    93 ||   165
